 Dungeon Sprint DCSS version 0.22-a0-429-g97ce8ef721 (webtiles) character file.

5996 FleetwoodCentaur the Swashbuckler (level 10, -10/58 HPs)
             Began as a Spriggan Berserker on May 25, 2018.
             Was the Champion of Trog.
             Killed from afar by a lindwurm (39 damage)
             ... with a blast of flame
             ... in the Dungeon (Sprint IX: "|||||||||||||||||||||||||||||").
             The game lasted 00:02:26 (1405 turns).

FleetwoodCentaur the Swashbuckler (SpBe)            Turns: 1405, Time: 00:02:27

Health: -10/58     AC:  3    Str: 13    XL:     10   Next: 55%
Magic:  11/11      EV: 36    Int:  8    God:    Trog [******]
Gold:   0          SH:  0    Dex: 23    Spells: 9/9 levels left

rFire    . . .     SeeInvis +   u - +10 quick blade
rCold    . . .     Gourm    .   (shield restricted)
rNeg     . . .     Faith    .   b - +0 animal skin
rPois    .         Spirit   .   (helmet restricted)
rElec    .         Reflect  .   n - +0 cloak
rCorr    .         Harm     .   (gloves unavailable)
MR       ++++.     NoTele   +   (boots unavailable)
Stlth    ++++++....             (no amulet)
HPRegen  1.19/turn              p - +2 ring of evasion
MPRegen  0.12/turn              o - +3 ring of dexterity

@: regenerating, very quick
A: very small, unfitting armour, hooves 1, see invisible, herbivore, speed 3,
magic resistance 1, mutation resistance 1, slow metabolism 2
a: Berserk, Trog's Hand, Brothers in Arms, Renounce Religion


You were in the Dungeon.
You worshipped Trog.
Trog was exalted by your worship.
You were very hungry.

You visited 1 branch

Inventory:

Hand Weapons
 a - a +0 short sword
 m - a +2 rapier of electrocution
 u - a +10 quick blade (weapon)
Armour
 b - a +0 animal skin (worn)
 n - a +0 cloak (worn)
Jewellery
 o - a +3 ring of dexterity (right hand)
 p - a +2 ring of evasion (left hand)
Wands
 l - a wand of iceblast (9)
Scrolls
 i - 3 scrolls of blinking
 k - 3 scrolls of remove curse
 r - a scroll of identify
 s - a scroll of fear
 t - 6 scrolls of enchant weapon
Potions
 d - 5 potions of curing
 e - 9 potions of heal wounds
 f - a potion of haste
 g - 4 potions of magic
 h - a potion of berserk rage
 j - a potion of invisibility
 q - a potion of might
Comestibles
 c - a ration


   Skills:
 + Level 9.7 Fighting
 + Level 17.5 Short Blades
 + Level 16.0 Dodging
 * Level 15.4 Stealth
 + Level 1.3 Evocations


You had 9 spell levels left.
You didn't know any spells.
Your spell library was empty.

Dungeon Overview and Level Annotations

Branches:
Dungeon (1/1)

Altars:
Cheibriados
Dithmenos
Elyvilon
Fedhas
Gozag
Hepliaklqana
Kikubaaqudgha
Makhleb
Nemelex Xobeh
Okawaru
Qazlal
Ru
Sif Muna
Trog
Uskayaw
Vehumet
Wu Jian
Xom
Yredelemnul
Zin
The Shining One
Beogh
Jiyva
Lugonu


Innate Abilities, Weirdness & Mutations

You are very small and have problems with some larger weapons.
You are too small for most types of armour.
You have supernaturally acute eyesight. (SInv)
You are a herbivore.
You cover ground extremely quickly.
You need to consume almost no food.
You have large cloven feet.
You are resistant to hostile enchantments. (MR+)
You are somewhat resistant to further mutation.


Message History

You hit the lindwurm but do no damage.
The lindwurm is moderately wounded.
You hit the lindwurm but do no damage. Your kick misses the lindwurm.
The lindwurm is moderately wounded.
The lindwurm completely misses you. The lindwurm claws you. x2
You are feeling very hungry.
You hit the lindwurm.
You kick the lindwurm, but do no damage.
The lindwurm is moderately wounded.
You puncture the lindwurm!
The lindwurm is heavily wounded.
You hit the lindwurm but do no damage.
You kick the lindwurm, but do no damage.
The lindwurm is heavily wounded.
You puncture the lindwurm!
The lindwurm is severely wounded.
The lindwurm breathes flames at you. The blast of flame hits you!
Ouch! That really hurt!
You die...

▓▓▓▓▓▓▓▓▓▓▓▓▓▓▓▓▓▓▓▓▓▓▓▓▓▓▓▓▓▓▓▓▓
____________'.?|).[[..'))))..().)
▓▓▓▓▓▓▓▓▓▓▓▓▓▓▓▓▓▓▓▓▓▓▓▓▓▓▓▓▓▓▓▓▓
.................................
▓▓▓▓▓▓▓▓▓▓▓▓▓▓▓▓▓▓▓▓▓▓▓▓▓▓▓▓▓▓▓▓▓
.)†.........'..)@kkk.[($
▓▓▓▓▓▓▓▓▓▓▓▓▓▓▓▓▓▓▓▓▓▓▓▓


You could see 3 lindwurms.

Vanquished Creatures
  A hydra (D)
  2 lindwurms (D)
  A deep elf mage (D)
  A black mamba (D)
  3 spiny frogs (D)
  3 komodo dragons (D)
  2 tyrant leeches (D)
  A yak (D)
  A wyvern (D)
  An acid dragon (D)
  3 water moccasins (D)
  A porcupine (D)
  An orc warrior (D)
  A sky beast (D)
  An ogre (D)
  A centaur (D)
  2 crocodiles (D)
  2 big kobolds (D)
  2 bullfrogs (D)
  An iguana (D)
  2 worker ants (D)
  An orc wizard (D)
  A gnoll (D)
  An adder (D)
  A worm (D)
  A leopard gecko (D)
  An orc (D)
  3 bats (D)
  A bat zombie (D)
  A hobgoblin (D)
  A rat (D)
45 creatures vanquished.

Notes
Turn   | Place    | Note
-------+----------+-------------------------------------------
     0 | D        | FleetwoodCentaur the Spriggan Berserker began the quest for the Orb.
     0 | D        | Reached XP level 1. HP: 11/11 MP: 2/2
     7 | D        | Reached skill level 1 in Stealth
    19 | D        | Reached ** piety under Trog
    19 | D        | Reached skill level 5 in Dodging
   106 | D        | Noticed an iguana
   106 | D        | Noticed an ogre
   112 | D        | Killed an iguana
   112 | D        | Reached skill level 4 in Short Blades
   112 | D        | Reached XP level 2. HP: 16/16 MP: 3/3
   112 | D        | Reached XP level 3. HP: 20/20 MP: 4/4
   115 | D        | Reached *** piety under Trog
   115 | D        | Reached skill level 5 in Short Blades
   119 | D        | Killed an ogre
   119 | D        | Reached skill level 6 in Short Blades
   119 | D        | Reached XP level 4. HP: 26/26 MP: 5/5
   142 | D        | Found a roughly hewn altar of Beogh.
   142 | D        | Found a snail-covered altar of Cheibriados.
   142 | D        | Found a shadowy altar of Dithmenos.
   142 | D        | Found a white marble altar of Elyvilon.
   142 | D        | Found a blossoming altar of Fedhas.
   142 | D        | Found an opulent altar of Gozag.
   143 | D        | Found a hazy altar of Hepliaklqana.
   144 | D        | Found a viscous altar of Jiyva.
   145 | D        | Found an ancient bone altar of Kikubaaqudgha.
   146 | D        | Found a corrupted altar of Lugonu.
   147 | D        | Found a burning altar of Makhleb.
   148 | D        | Found a sparkling altar of Nemelex Xobeh.
   149 | D        | Found an iron altar of Okawaru.
   150 | D        | Found a stormy altar of Qazlal.
   151 | D        | Found a sacrificial altar of Ru.
   152 | D        | Found a deep blue altar of Sif Muna.
   153 | D        | Found a bloodstained altar of Trog.
   154 | D        | Found a hide-covered altar of Uskayaw.
   155 | D        | Found a radiant altar of Vehumet.
   156 | D        | Found an ornate altar of the Wu Jian Council.
   157 | D        | Found a shimmering altar of Xom.
   158 | D        | Found a basalt altar of Yredelemnul.
   159 | D        | Found a glowing silver altar of Zin.
   160 | D        | Found a glowing golden altar of the Shining One.
   194 | D        | Noticed an orc warrior
   194 | D        | Noticed a big kobold
   194 | D        | Noticed a sky beast
   200 | D        | Reached **** piety under Trog
   200 | D        | Reached skill level 5 in Fighting
   200 | D        | Reached skill level 7 in Short Blades
   200 | D        | Reached XP level 5. HP: 30/30 MP: 6/6
   204 | D        | Killed an orc warrior
   204 | D        | Reached skill level 8 in Short Blades
   204 | D        | Reached skill level 10 in Dodging
   210 | D        | Reached ***** piety under Trog
   210 | D        | Reached XP level 6. HP: 15/36 MP: 7/7
   222 | D        | Killed a sky beast
   222 | D        | Reached skill level 9 in Short Blades
   493 | D        | Noticed an acid dragon
   493 | D        | Noticed a deep elf mage
   504 | D        | Killed an acid dragon
   504 | D        | Reached skill level 10 in Short Blades
   504 | D        | Reached skill level 10 in Stealth
   504 | D        | Reached XP level 7. HP: 34/41 MP: 8/8
   527 | D        | Reached skill level 11 in Short Blades
   529 | D        | Killed a deep elf mage
   529 | D        | Received a gift from Trog
   529 | D        | Reached skill level 12 in Short Blades
   529 | D        | Reached XP level 8. HP: 15/46 MP: 9/9
   815 | D        | Gained mutation: Your magical capacity is low. (-10% MP) [potion of mutation]
   815 | D        | Gained mutation: Your muscles are strong. (Str +2) [potion of mutation]
   816 | D        | Lost mutation: Your magical capacity is low. (-10% MP) [potion of mutation]
   816 | D        | Lost mutation: Your muscles are strong. (Str +2) [potion of mutation]
   816 | D        | Gained mutation: You are somewhat resistant to further mutation. [potion of mutation]
   816 | D        | Gained mutation: You are resistant to hostile enchantments. (MR+) [potion of mutation]
   816 | D        | Gained mutation: You have large cloven feet. [potion of mutation]
   840 | D        | Noticed a spiny frog
   847 | D        | Killed a spiny frog
   847 | D        | Reached skill level 13 in Short Blades
   848 | D        | Noticed a komodo dragon
   855 | D        | Reached ****** piety under Trog
   855 | D        | Reached skill level 14 in Short Blades
   856 | D        | Noticed a seven-headed hydra
   860 | D        | Reached XP level 9. HP: 51/51 MP: 10/10
   863 | D        | Received a gift from Trog
   868 | D        | Killed a komodo dragon
   868 | D        | Reached skill level 1 in Evocations
   874 | D        | Killed a seven-headed hydra
   874 | D        | Reached skill level 15 in Short Blades
  1092 | D        | Noticed a black mamba
  1092 | D        | Noticed a komodo dragon
  1092 | D        | Noticed a spiny frog
  1092 | D        | Noticed a komodo dragon
  1094 | D        | Noticed a spiny frog
  1102 | D        | Killed a black mamba
  1102 | D        | Reached skill level 16 in Short Blades
  1116 | D        | Killed a komodo dragon
  1129 | D        | Killed a spiny frog
  1129 | D        | Reached skill level 15 in Dodging
  1129 | D        | Reached XP level 10. HP: 56/57 MP: 11/11
  1135 | D        | Received a gift from Trog
  1157 | D        | Killed a spiny frog
  1349 | D        | Noticed a lindwurm
  1349 | D        | Noticed a lindwurm
  1349 | D        | Noticed a lindwurm
  1350 | D        | Noticed a lindwurm
  1351 | D        | Killed a lindwurm
  1351 | D        | Reached skill level 17 in Short Blades
  1351 | D        | Reached skill level 15 in Stealth
  1352 | D        | Noticed a lindwurm
  1353 | D        | Killed a lindwurm
  1390 | D        | Received a gift from Trog
  1405 | D        | Killed from afar by a lindwurm

Vault maps used:
D:        linesprint

Skill      XL: |  1  2  3  4  5  6  7  8  9 10 |
---------------+-------------------------------+-----
Stealth        | 4 6 7 9 10 11 12 14 15 | 15.4
Dodging        | 6 8 10 11 12 13 15 16 | 16.0
Fighting       | 3 4 5 6 7 8 9 |  9.7
Short Blades   | 4 6 7 8 10 12 14 16 17 | 17.5
Evocations     | 1 |  1.3

Action                   |  1- 3 |  4- 6 |  7- 9 | 10-12 || total
-------------------------+-------+-------+-------+-------++-------
Melee: Short sword       |    31 |     6 |       |       ||    37
       Rapier            |       |    32 |    48 |       ||    80
       Kick              |       |       |    21 |    44 ||    65
       Quick blade       |       |       |    36 |    97 ||   133
Invok: Berserk           |     1 |     2 |     1 |       ||     4
       Trog's Hand       |       |       |       |     1 ||     1
Evoke: Wand              |       |       |     1 |       ||     1
  Use: Potion            |       |       |     2 |       ||     2
 Stab: Sleeping          |       |       |       |     2 ||     2
  Eat: Ration            |       |       |       |     1 ||     1
Armor: Animal skin       |     3 |       |     1 |     1 ||     5
Dodge: Dodged            |    31 |    24 |    34 |    29 ||   118

Table legend:
 A = Spawn XP
 B = Non-spawn XP
 C = Spawn XP percentage of total XP
 D = Spawn monster count
 E = Non-spawn monster count
 F = Spawn count percentage of total count
 G = Total turns spent on level
                    A         B        C        D         E        F      G
               +---------+---------+-------+---------+---------+-------+---------
         Total |       0 |    8567 |   0.0 |       0 |      45 |   0.0 |  1405
               +---------+---------+-------+---------+---------+-------+---------
             D |       0 |    8567 |   0.0 |       0 |      45 |   0.0 |  1405
               +---------+---------+-------+---------+---------+-------+---------
